AoeStats
← Wolfram

Arena

508075122Analyzed
4v4 RM · 11d ago on Sep 20, 2026· 68m 28s· 8 players
Game mode
Random Map
Map size
Large (8 player)
Population
200
Speed
Normal
Resources
Standard
Victory
Conquest
Starting age
Dark Age
Ending age
Imperial Age
RankedLock teamsTeams togetherTeam positionsShared explorationLock speedFull tech treeHidden civsTurbo modeCheats
Victory
Defeat
🇨🇱 Berbers · Chile
1241
+18
🇨🇱 Malay · Chile
1232
+18
🇨🇱 Italians · Chile
1217
+19
🇨🇱 Teutons · Chile
1207
+19
🇪🇸 Cumans · Spain
1310
-21
🇲🇽 Teutons · Mexico
1304
-19
🇳🇦 Mongols · Namibia
1263
-18
🇧🇦 Khmer · Bosnia & Herzegovina
1229
-16
[GDL] NEURON MX
9:13 Feudal Age
9:12 Loom
9:47 Double-Bit Axe
11:46 Horse Collar
14:11 Fletching
22:50 Castle Age
21:51 Stone Mining
24:15 Wheelbarrow
27:43 Bow Saw
28:45 Scale Mail Armor
30:01 Ironclad
29:54 Heavy Plow
33:03 Gold Mining
33:57 Hand Cart
34:24 Chain Mail Armor
36:21 Forging
39:19 Ballistics
42:04 Imperial Age
40:32 Iron Casting
42:16 Fortified Wall
42:54 Iron Casting
43:57 Plate Mail Armor
43:29 Town Watch
44:38 Bodkin Arrow
46:17 Two-Man Saw
51:03 Conscription
51:09 Crenellations
52:37 Padded Archer Armor
53:38 Blast Furnace
52:25 Elite Skirmisher
54:20 Crop Rotation
57:37 Chemistry
56:43 Siege Engineers
56:32 Heated Shot
63:07 Leather Archer Armor
62:58 Scale Barding Armor
Wolfram
11:16 Feudal Age
12:47 Double-Bit Axe
12:57 Gold Mining
15:09 Castle Age
17:12 Bow Saw
21:57 Loom
26:31 Wheelbarrow
27:41 Horse Collar
28:36 Hand Cart
34:32 Imperial Age
33:24 Gold Shaft Mining
33:31 Ballistics
33:24 Fortified Wall
36:35 Stone Mining
37:28 Siege Engineers
37:55 Conscription
41:40 Chemistry
42:42 Fletching
43:46 Bloodlines
43:40 Husbandry
44:07 Parthian Tactics
43:25 Heavy Scorpion
44:38 Heavy Plow
46:13 Bodkin Arrow
46:34 Light Cavalry
47:33 Bracer
48:13 Drill
48:24 Hussar
49:13 Scale Barding Armor
49:19 Forging
50:17 Chain Barding Armor
50:08 Forging
54:46 Iron Casting
54:24 Masonry
58:51 Hoardings
63:46 Blast Furnace
63:07 Caravan
hcenemod
8:23 Feudal Age
10:52 Double-Bit Axe
13:52 Horse Collar
16:10 Loom
21:29 Wheelbarrow
26:17 Castle Age
25:06 Gold Mining
26:13 Scale Mail Armor
26:23 Forging
26:20 Pikeman
27:45 Chain Mail Armor
27:47 Heavy Plow
27:34 Capped Ram
30:12 Iron Casting
33:20 Scale Barding Armor
32:39 Light Cavalry
33:30 Bloodlines
34:06 Hand Cart
34:14 Bow Saw
34:46 Hand Cart
34:54 Squires
35:14 Chain Barding Armor
41:55 Gold Shaft Mining
41:12 Stone Mining
46:32 Imperial Age
45:56 Steppe Husbandry
46:09 Steppe Husbandry
47:15 Fletching
47:25 Padded Archer Armor
47:59 Conscription
48:43 Elite Skirmisher
50:34 Two-Man Saw
50:09 Crop Rotation
50:01 Bodkin Arrow
51:35 Leather Archer Armor
52:46 Blast Furnace
52:16 Plate Mail Armor
53:03 Ring Archer Armor
52:48 Hussar
62:00 Halberdier
offbyone
10:30 Feudal Age
11:29 Double-Bit Axe
14:44 Castle Age
12:43 Double-Bit Axe
13:12 Horse Collar
15:52 Bow Saw
16:14 Heavy Plow
19:53 Gold Mining
23:48 Bloodlines
24:13 Husbandry
25:57 Pikeman
29:02 Scale Barding Armor
29:29 Forging
30:14 Chain Barding Armor
31:30 Scale Mail Armor
32:06 Iron Casting
32:42 Wheelbarrow
36:34 Imperial Age
33:51 Loom
36:59 Stone Mining
37:45 Gold Shaft Mining
38:42 Blast Furnace
39:03 Plate Barding Armor
41:01 Hand Cart
40:20 Cavalier
41:25 Light Cavalry
43:41 Hussar
44:21 Elite Battle Elephant
46:40 Conscription
47:44 Tusk Swords
52:05 Crop Rotation
51:08 Halberdier
61:31 Chemistry
60:52 Ballistics
61:50 Heavy Scorpion
63:58 Siege Engineers
64:09 Double Crossbow
67:47 Fortified Wall
67:47 Masonry
Julio_15
11:46 Feudal Age
15:27 Castle Age
13:14 Double-Bit Axe
14:15 Horse Collar
15:03 Scale Barding Armor
15:03 Gold Mining
17:00 Bow Saw
18:31 Bloodlines
22:04 Wheelbarrow
23:22 Chain Barding Armor
25:11 Forging
29:38 Heavy Plow
31:56 Iron Casting
34:30 Scale Mail Armor
38:02 Imperial Age
35:18 Loom
36:11 Chain Mail Armor
35:22 Man-at-Arms
35:51 Gambesons
36:07 Long Swordsman
37:22 Squires
37:37 Fletching
41:06 Conscription
40:11 Two-Handed Swordsman
41:11 Arson
41:19 Pikeman
44:24 Plate Mail Armor
44:06 Halberdier
45:56 Blast Furnace
45:14 Cavalier
46:33 Plate Barding Armor
46:34 Paladin
48:21 Two-Man Saw
47:46 Hand Cart
47:30 Champion
49:50 Stone Mining
49:59 Town Watch
50:25 Bodkin Arrow
54:34 Padded Archer Armor
55:12 Crop Rotation
55:59 Crenellations
59:58 Leather Archer Armor
63:33 Guilds
65:53 Coinage
68:13 Masonry
Beerfully
10:28 Feudal Age
14:25 Castle Age
13:09 Double-Bit Axe
15:31 Husbandry
16:11 Horse Collar
18:45 Bloodlines
19:25 Loom
20:31 Scale Barding Armor
22:30 Forging
22:26 Town Watch
22:47 Gold Mining
27:51 Wheelbarrow
28:26 Iron Casting
32:16 Stone Mining
32:38 Bow Saw
32:29 Heavy Plow
36:08 Chain Barding Armor
35:41 Fletching
38:31 Imperial Age
37:59 Bodkin Arrow
39:45 Heavy Camel Rider
42:29 Blast Furnace
41:58 Conscription
41:55 Padded Archer Armor
41:53 Light Cavalry
41:58 Elite Camel Archer
43:38 Ballistics
43:40 Kasbah
44:09 Bracer
45:06 Leather Archer Armor
46:05 Chemistry
46:47 Maghrebi Camels
47:32 Thumb Ring
49:41 Hoardings
49:05 Murder Holes
49:04 Hussar
50:39 Plate Barding Armor
50:36 Ring Archer Armor
50:22 Masonry
63:16 Hand Cart
64:21 Guilds
66:25 Treadmill Crane
Kirintor
13:07 Feudal Age
16:58 Castle Age
17:33 Forging
17:12 Double-Bit Axe
26:40 Loom
27:06 Town Watch
32:12 Horse Collar
34:02 Fletching
36:02 Bow Saw
39:33 Imperial Age
37:40 Wheelbarrow
37:29 Bodkin Arrow
37:00 Elite Skirmisher
37:02 Crossbowman
38:28 Thumb Ring
38:31 Gold Mining
38:34 Stone Mining
40:06 Bracer
40:56 Hand Cart
54:54 Padded Archer Armor
55:04 Arbalester
56:14 Heavy Plow
58:29 Ballistics
59:56 Chemistry
59:39 Conscription
63:35 Forced Levy
63:03 Man-at-Arms
63:44 Squires
63:29 Arson
64:32 Murder Holes
64:59 Bombard Tower
64:16 Long Swordsman
64:17 Pikeman
64:22 Capped Ram
66:21 Iron Casting
65:11 Two-Handed Swordsman
68:28 Siege Engineers
MurdeRgg
11:10 Feudal Age
12:15 Double-Bit Axe
13:29 Fletching
18:24 Castle Age
18:46 Crossbowman
22:54 Bodkin Arrow
30:08 Thumb Ring
35:32 Imperial Age
32:55 Horse Collar
35:36 Ballistics
37:19 Chemistry
38:33 Bracer
45:14 Padded Archer Armor
46:18 Arson
49:38 Leather Archer Armor
49:34 Forging
55:23 Heavy Plow
60:14 Wheelbarrow
62:16 Forging
62:06 Scale Mail Armor
62:13 Scale Barding Armor
64:31 Light Cavalry
65:22 Bloodlines
69:19 Ring Archer Armor
Connection lost

Rejoining the realm…

Still unreachable

The connection could not be restored.

Session expired

The server has moved on; the page needs a fresh start.